 Dungeon Crawl Stone Soup version 0.27.0 (webtiles) character file.

Game seed: 4246460319427766227

1406 ZARRMARR the Thrower (level 8, -4/66 HPs)
             Began as a Hill Orc Monk on July 30, 2021.
             Was a Believer of Beogh.
             Slain by a troll (7 damage)
             ... on level 6 of the Dungeon.
             The game lasted 00:40:56 (6712 turns).

ZARRMARR the Thrower (Hill Orc Monk)                Turns: 6712, Time: 00:40:56

Health: -4/66      AC: 14    Str: 16    XL:     8   Next: 70%
Magic:  8/8        EV:  7    Int: 10    God:    Beogh [**....]
Gold:   275        SH:  0    Dex: 13    Spells: 7/7 levels left

rFire    . . .     SeeInvis .   d - +1 whip (venom)
rCold    + . .     Faith    .   (no shield)
rNeg     + . .     Spirit   .   m - +3 chain mail {rC+}
rPois    .         Reflect  .   c - +0 helmet
rElec    .         Harm     .   C - +0 cloak
rCorr    .         Rampage  .   (no gloves)
Will     +....                  n - +0 pair of boots
Stlth    ..........             (no amulet)
HPRegen  0.21/turn              h - ring of positive energy
MPRegen  0.11/turn              D - ring of willpower

@: no status effects
A: no striking features
a: Renounce Religion, Smiting


You were on level 6 of the Dungeon.
You worshipped Beogh.
Beogh was pleased with you.
You visited 1 branch of the dungeon, and saw 6 of its levels.

You collected 275 gold pieces.

Inventory:

Hand Weapons
 d - a +1 whip of venom (weapon)
 v - a +2 dagger of speed
 y - a +0 flail of protection
 B - a +2 quarterstaff of chaos
Missiles
 k - 3 javelins (quivered)
 l - 4 boomerangs
 x - a curare-tipped dart
 E - 5 poisoned darts
Armour
 b - a +1 robe
 c - a +0 helmet (worn)
 m - a +3 chain mail of cold resistance (worn)
 n - a +0 pair of boots (worn)
 z - a +4 ring mail of fire resistance
 C - a +0 cloak (worn)
Magical Staves
 u - a staff of conjuration
Jewellery
 h - a ring of positive energy (left hand)
 D - a ring of willpower (right hand)
 G - a ring of see invisible
Scrolls
 a - 2 scrolls of blinking
 e - 2 scrolls of enchant weapon
 i - 3 scrolls of noise
 j - a scroll of teleportation
 o - 2 scrolls of vulnerability
 p - 2 scrolls of fog
 r - a scroll of silence {unknown}
 F - a scroll of enchant armour
Potions
 f - a potion of attraction {unknown}
 g - 2 potions of haste {unknown}
 q - 3 potions of curing
 s - a potion of heal wounds {unknown}
 t - a potion of might {unknown}
 w - a potion of mutation {unknown}
 A - 2 potions of ambrosia {unknown}


   Skills:
 - Level 3.9 Fighting
 - Level 4.2 Axes
 + Level 9.3 Throwing
 - Level 2.5 Dodging
 - Level 1.5 Stealth


You had 7 spell levels left.
You didn't know any spells.
Your spell library contained the following spells:

 Spells                   Type           Power      Damage    Failure   Level
 Sandblast                Erth           0%         2d4       100%        1
 Corpse Rot               Necr/Air       N/A        N/A       100%        2
 Passwall                 Tmut/Erth      0%         N/A       100%        2
 Call Canine Familiar     Summ           0%         N/A       100%        3
 Portal Projectile        Hex/Tloc       0%         N/A       100%        3
 Dispel Undead            Necr           0%         3d6       100%        4
 Leda's Liquefaction      Hex/Erth       0%         N/A       100%        4
 Lee's Rapid Deconstruct  Erth           0%         3d5*      100%        5
 Death Channel            Necr           0%         N/A       100%        6


Dungeon Overview and Level Annotations

Branches:
Dungeon (6/15)
 Temple: D:4-7

Altars:
Vehumet
Yredelemnul

Shops:
D:4 (*((


Message History

Your chain mail prevents you from hitting the troll.
The troll is heavily wounded.
The troll barely misses you. x2; The troll claws you but does no damage.
Your chain mail prevents you from hitting the troll.
The troll is heavily wounded.
The troll bites you but does no damage. The troll claws you but does no damage.
The troll claws you!
You hit the troll.
The troll is poisoned.
The troll is heavily wounded.
The troll bites you but does no damage. The troll claws you.
The troll completely misses you.
You completely miss the troll.
The troll is heavily wounded.
The troll barely misses you. x2; The troll claws you!
You barely miss the troll.
The troll is heavily wounded.
The troll bites you.
The troll claws you but does no damage. x2
You hit the troll but do no damage.
The troll looks even sicker.
The troll is heavily wounded.
The troll bites you! The troll barely misses you. The troll closely misses you.
The troll closely misses you. The troll claws you but does no damage.
The troll claws you.
You barely miss the troll.
The troll is heavily wounded.
The troll bites you but does no damage. The troll claws you but does no damage.
The troll barely misses you.
You hit the troll but do no damage.
The troll looks as sick as possible!
The troll is heavily wounded.
A bullfrog skeleton comes into view.
The troll barely misses you. The troll claws you! x2
* * * LOW HITPOINT WARNING * * *
You hit the troll but do no damage.
The troll looks as sick as possible!
The troll is heavily wounded.
The troll bites you.
* * * LOW HITPOINT WARNING * * *
The troll barely misses you. The troll claws you.
* * * LOW HITPOINT WARNING * * *
Unknown command.
The troll bites you!
You die...

#.......###.#####
#...........#
#.#.###.###.# #
#.# #.# #.# #.#
#.#####Z###.#
#......†....###
#.###...T.......#
#.#@#########
#.#.# #.#.# # #.#
#.### #...# ###.#
#.# #.##


You could see a troll (extremely poisoned) and a bullfrog skeleton.

Vanquished Creatures
  Prince Ribbit (D:5)
  Edmund (D:5)
  A water moccasin (D:5)
  A black bear (D:5)
  A necrophage (D:4)
  2 phantoms (D:5)
  A kobold brigand (D:6)
  A scorpion (D:4)
  A bullfrog zombie (D:5)
  2 centaur zombies
  2 hounds
  Crazy Yiuf (D:4)
  A bullfrog skeleton (D:5)
  Terence (D:2)
  2 iguanas
  An orc wizard (D:5)
  A killer bee zombie (D:5)
  Robin (D:2)
  7 adders
  A worm (D:4)
  A dart slug (D:3)
  11 orcs
  8 ball pythons
  3 endoplasms
  4 giant cockroaches
  13 goblins
  11 hobgoblins
  15 jackals
  5 quokkas
  5 bats
  4 frilled lizards
  8 kobolds
  6 rats
124 creatures vanquished.

Vanquished Creatures (others)
  An orc (D:4)
  A ball python (D:4)
2 creatures vanquished.

Grand Total: 126 creatures vanquished

Notes
Turn   | Place    | Note
-------+----------+-------------------------------------------
     0 | D:1      | ZARRMARR the Hill Orc Monk began the quest for the Orb.
     0 | D:1      | Reached XP level 1. HP: 19/19 MP: 1/1
   358 | D:1      | Reached XP level 2. HP: 23/27 MP: 2/2
   844 | D:1      | Reached skill level 1 in Throwing
   933 | D:1      | Reached XP level 3. HP: 21/33 MP: 3/3
  1257 | D:1      | Found a faded altar of an unknown god.
  1301 | D:1      | Reached skill level 2 in Throwing
  1892 | D:2      | Noticed Robin
  1908 | D:2      | Killed Robin
  1916 | D:2      | Reached XP level 4. HP: 24/40 MP: 4/4
  2359 | D:2      | Reached skill level 3 in Throwing
  2554 | D:2      | Found a basalt altar of Yredelemnul.
  2565 | D:2      | Noticed Terence
  2578 | D:2      | Killed Terence
  2709 | D:2      | Reached XP level 5. HP: 46/46 MP: 5/5
  3237 | D:3      | Reached skill level 4 in Throwing
  3406 | D:4      | Found Lona's Antique Weapon Shoppe.
  3416 | D:4      | Became a worshipper of Beogh the Brigand
  3416 | D:4      | Reached * piety under Beogh
  3416 | D:4      | Reached ** piety under Beogh
  3442 | D:4      | Reached XP level 6. HP: 32/52 MP: 6/6
  3636 | D:4      | Found Canuy's General Store.
  3747 | D:4      | Reached skill level 5 in Throwing
  4162 | D:4      | Noticed a necrophage
  4178 | D:4      | Killed a necrophage
  4222 | D:4      | Found Jukhi's Antique Weapon Shop.
  4344 | D:4      | Found Wazomn's Weapon Boutique.
  4374 | D:4      | Found a runed translucent door.
  4375 | D:4      | Noticed Crazy Yiuf
  4699 | D:5      | Entered Level 5 of the Dungeon
  4739 | D:5      | Reached skill level 6 in Throwing
  4739 | D:5      | Reached XP level 7. HP: 58/58 MP: 7/7
  5024 | D:5      | Reached skill level 7 in Throwing
  5218 | D:5      | Noticed Prince Ribbit
  5237 | D:5      | Killed Prince Ribbit
  5238 | D:5      | Reached skill level 8 in Throwing
  5238 | D:5      | Reached XP level 8. HP: 32/66 MP: 8/8
  5420 | D:5      | Noticed Edmund
  5444 | D:5      | Killed Edmund
  5657 | D:5      | Reached skill level 9 in Throwing
  5913 | D:4      | Killed Crazy Yiuf
  6586 | D:6      | Found a radiant altar of Vehumet.
  6689 | D:6      | Noticed a troll
  6710 | D:6      | HP: 3/66 [troll (5)]
  6712 | D:6      | Slain by a troll

Illustrated notes

Levels and vault maps discovered:
D:1:      dpeg_arrival_water_temple_mockup, layout_basic,
          ebering_ecumenical_altar_abandoned
D:2:      layout_loops_corners, basic_altar, minmay_pentomino_p2, uniq_robin,
          uniq_terence
D:3:      layout_rooms, minivault_26
D:4:      layout_basic, serial_shops, kennysheep_mini_moat, shop_statue,
          nicolae_diamond_shop, shop, patterned_corridor,
          uniq_crazy_yiuf_cottage
D:5:      layout_rooms, saegor_snake_ambush, uniq_edmund, uniq_prince_ribbit1
D:6:      layout_loops_ring, mainiacjoe_overflow_concentric_impassable,
          chequers_temple_overflow_statue_of_worship,
          minmay_temple_entry_antechambers

Skill      XL: |  1  2  3  4  5  6  7  8 |
---------------+-------------------------+-----
Throwing       | 1 2 3 4 6 8 9 |  9.3
Fighting       | |  3.9
Axes           | |  4.2
Dodging        | |  2.5
Stealth        | |  1.5

Action                   |  1- 3 |  4- 6 |  7- 9 || total
-------------------------+-------+-------+-------++-------
Melee: Hand axe          |    19 |       |       ||    19
       Whip              |    98 |   105 |   147 ||   350
Throw: Stone             |    60 |     9 |       ||    69
       Javelin           |       |    75 |    51 ||   126
       Boomerang         |       |     5 |    24 ||    29
Invok: Convert to Beogh  |       |     1 |       ||     1
  Use: Scroll            |     2 |     4 |     1 ||     7
       Potion            |       |       |     1 ||     1
 Stab: Sleeping          |     1 |       |       ||     1
Armor: Robe              |    29 |     6 |       ||    35
       Chain mail        |       |    52 |    84 ||   136
Dodge: Dodged            |    55 |    52 |    67 ||   174
